 Dungeon Crawl Stone Soup version 0.26.1-11-gd32895ea62 (webtiles) character file.

Game seed: 4750184273818666669

1183 Zeld the Skirmisher (level 8, 0/63 HPs)
             Began as a Human Fighter on Sept 2, 2021.
             Was an Initiate of the Shining One.
             Slain by a water moccasin (7 damage)
             ... on level 6 of the Dungeon on Sept 3, 2021.
             The game lasted 00:18:11 (9314 turns).

Zeld the Skirmisher (Human Fighter)                 Turns: 9314, Time: 00:18:12

Health: 0/63       AC:  7    Str: 19    XL:     8   Next: 70%
Magic:  8/8        EV:  9    Int:  9    God:    the Shining One [......]
Gold:   486        SH: 10    Dex: 12    Spells: 7/7 levels left

rFire    . . .     SeeInvis .   a - +0 long sword
rCold    . . .     Faith    .   c - +0 kite shield
rNeg     . . .     Spirit   .   b - +0 scale mail
rPois    .         Reflect  .   (no helmet)
rElec    .         Harm     .   (no cloak)
rCorr    .         Rampage  .   (no gloves)
Will     .....                  (no boots)
Stlth    ..........             (no amulet)
HPRegen  0.20/turn              (no ring)
MPRegen  0.11/turn              (no ring)

@: lethally poisoned (0 -> -12), glowing
A: no striking features
a: Renounce Religion


You were on level 6 of the Dungeon.
You worshipped the Shining One.
The Shining One was noncommittal.
You visited 1 branch of the dungeon, and saw 6 of its levels.

You collected 486 gold pieces.

Inventory:

Hand Weapons
 a - a +0 long sword (weapon)
Missiles
 o - 3 silver javelins (quivered)
 q - 3 silver boomerangs
Armour
 b - a +0 scale mail (worn)
 c - a +0 kite shield (worn)
 e - a +0 pair of gloves
 h - a +0 cloak
Jewellery
 s - an uncursed amulet of faith {unknown}
 v - an uncursed ring of wizardry {unknown}
Wands
 u - a wand of iceblast (10)
Scrolls
 g - 9 scrolls of identify {unknown}
 j - 4 scrolls of remove curse {unknown}
 k - 2 scrolls of magic mapping {unknown}
 l - 3 scrolls of enchant armour {unknown}
 m - 3 scrolls of teleportation {unknown}
 n - a scroll of fog {unknown}
 p - 2 scrolls of immolation {unknown}
 t - 2 scrolls of enchant weapon {unknown}
Potions
 f - 2 potions of flight {unknown}
 i - 2 potions of heal wounds {unknown}
 r - 2 potions of magic {unknown}
 w - 2 potions of haste {unknown}
 x - a potion of curing {unknown}
 z - a potion of degeneration {unknown}


   Skills:
 * Level 5.5 Fighting
 * Level 5.0 Long Blades
 + Level 2.5 Throwing
 + Level 4.3 Armour
 + Level 3.0 Dodging
 * Level 5.5 Shields


You had 7 spell levels left.
You didn't know any spells.
Your spell library was empty.

Dungeon Overview and Level Annotations

Branches:
Dungeon (6/15)
 Temple: D:4-7

Altars:
Fedhas
The Shining One

Annotations:
D:1 1 runed translucent door
D:5 2 transporters


Message History

The water moccasin is severely wounded.
You feel sick. The water moccasin bites you.
* * * LOW HITPOINT WARNING * * *
The water moccasin closely misses you.
You hit the water moccasin but do no damage.
The water moccasin is severely wounded.
* * * LOW HITPOINT WARNING * * *
You feel sick. The water moccasin bites you.
* * * LOW HITPOINT WARNING * * *
Unknown command.
You hit the water moccasin but do no damage.
The water moccasin is severely wounded.
* * * LOW HITPOINT WARNING * * *
You feel sick.
You block the water moccasin's attack. x2
Unknown command.
You barely miss the water moccasin.
The water moccasin is severely wounded.
* * * LOW HITPOINT WARNING * * *
You feel sick. The water moccasin bites you!
You die...

.###.#.##......(.....##...##♣...♣
.....#.##............##../####'##
.#####.##............##....###.#
.......# ............##........#
######## ............##....#####
............##....#
#.......##.###.### #........#.#
#.# #....S@..#.# #.# #........#.#
#.# ########.#.# #.# ## ######
######...# #.######## . .....
..[......# #.##...... ####...###
#.......####.##.##### ... ......
..................... ####...#
#........###.##.##### .......#
#......#.# #.##.# #


You could see a water moccasin.

Vanquished Creatures
  Menkaure (D:4)
  A phantom (D:5)
  An ice beast (D:5)
  An ogre (D:6)
  3 bullfrogs
  A howler monkey (D:4)
  A centaur zombie (D:3)
  4 orc wizards
  2 orc priests
  3 iguanas
  3 worker ants
  A worker ant zombie (D:6)
  6 adders
  3 white imps
  An ooze (D:3)
  An adder skeleton (D:6)
  2 adder zombies
  3 dart slugs
  2 leopard geckos
  15 orcs
  5 giant cockroaches
  5 goblins
  3 hobgoblins
  6 jackals
  4 ball pythons
  13 bats
  2 frilled lizards (D:1)
  A giant cockroach zombie (D:5)
  6 kobolds
  4 rats
104 creatures vanquished.

Vanquished Creatures (others)
  An orc wizard (D:4)
1 creature vanquished.

Grand Total: 105 creatures vanquished

Notes
Turn   | Place    | Note
-------+----------+-------------------------------------------
     0 | D:1      | Zeld the Human Fighter began the quest for the Orb.
     0 | D:1      | Reached XP level 1. HP: 18/18 MP: 1/1
     1 | D:1      | Found a runed translucent door.
   348 | D:1      | Reached XP level 2. HP: 21/24 MP: 2/2
   866 | D:1      | Reached XP level 3. HP: 29/29 MP: 3/3
  1567 | D:2      | Reached XP level 4. HP: 33/35 MP: 4/4
  1908 | D:1      | Reached skill level 1 in Dodging
  2297 | D:2      | Noticed a bullfrog
  2304 | D:2      | Killed a bullfrog
  2305 | D:2      | Reached XP level 5. HP: 26/42 MP: 5/5
  3028 | D:3      | Reached XP level 6. HP: 36/48 MP: 6/6
  3192 | D:3      | Reached skill level 1 in Throwing
  4420 | D:4      | Reached XP level 7. HP: 15/55 MP: 7/7
  5123 | D:4      | Noticed Menkaure
  5371 | D:4      | Killed Menkaure
  6928 | D:5      | Entered Level 5 of the Dungeon
  7294 | D:5      | Found a transporter.
  7336 | D:5      | Found a transporter.
  7349 | D:5      | Noticed a kobold demonologist
  7476 | D:5      | Reached skill level 5 in Fighting
  7476 | D:5      | Reached skill level 5 in Shields
  7476 | D:5      | Reached XP level 8. HP: 19/62 MP: 8/8
  7946 | D:5      | Found a blossoming altar of Fedhas.
  9221 | D:6      | Found a glowing golden altar of the Shining One.
  9228 | D:6      | Became a worshipper of the Shining One
  9252 | D:6      | Reached skill level 5 in Long Blades
  9314 | D:6      | Slain by a water moccasin

Illustrated notes

Levels and vault maps discovered:
D:1:      dpeg_arrival_caged_fury, layout_loops_corners, moated_statue,
          minmay_misc_feat_hallway, nrook_campfire
D:2:      cheibrodos_pilgrimage, layout_loops_ring, minmay_statues_item
D:3:      layout_basic, kennysheep_generic_room_3
D:4:      layout_layer_cave, kennysheep_another_room, uniq_menkaure
D:5:      gammafunk_wand_slinger, layout_basic, fedhas_altar_fruit_tree
D:6:      layout_basic, grunt_decor_clamped, tso_altar

Skill      XL: |  1  2  3  4  5  6  7  8 |
---------------+-------------------------+-----
Dodging        | 1 2 3 |  3.0
Long Blades    | 3 4 5 |  5.0
Fighting       | 4 5 |  5.5
Throwing       | 1 2 |  2.5
Shields        | 4 5 |  5.5
Armour         | 4 |  4.3

Action                   |  1- 3 |  4- 6 |  7- 9 || total
-------------------------+-------+-------+-------++-------
Melee: Long sword        |   115 |   173 |   198 ||   486
  Use: Potion            |       |     1 |     3 ||     4
Armor: Scale mail        |    50 |    73 |    44 ||   167
Dodge: Dodged            |    46 |    53 |    58 ||   157
Block: Kite shield       |    63 |    95 |    92 ||   250
       Rpst.: Long sword |    15 |    17 |    17 ||    49
